 Dungeon Crawl Stone Soup version 0.30-a0-422-g946f4849ff (webtiles) character file.

Game seed: 12760368115149874557

479 funkygono the Grave Robber (level 6, 0/41 HPs)
             Began as a Demonspawn Necromancer on Dec 8, 2022.
             Slain by a gnoll
             ... wielding a +0 halberd
              (7 damage)
             ... on level 4 of the Dungeon.
             The game lasted 00:07:28 (3592 turns).

funkygono the Grave Robber (Demonspawn Necromancer) Turns: 3592, Time: 00:07:29

Health: 0/41       AC:  4    Str:  9    XL:     6   Next: 86%
Magic:  5/13       EV: 12    Int: 20    God:
Gold:   729        SH:  0    Dex: 13    Spells: 1/14 levels left

rFire   . . .      SeeInvis .    e - +0 whip
rCold   . . .      Faith    .    (no shield)
rNeg    . . .      Spirit   .    a - +0 robe
rPois   .          Reflect  .    s - +1 helmet
rElec   .          Harm     .    (no cloak)
rCorr   .          Rampage  .    (no gloves)
Will    .....                    (no boots)
Stlth   ++........               m - amulet of the acrobat
HPRegen 0.26/turn                (no ring)
MPRegen 0.13/turn                (no ring)

@: no status effects
A: demonic guardian 1, big brain 1, demonic touch 2
a: no special abilities


You were on level 4 of the Dungeon.
You visited 1 branch of the dungeon, and saw 4 of its levels.

You collected 729 gold pieces.

Inventory:

Hand Weapons
 e - a +0 whip (weapon)
 k - a +0 long sword
Armour
 a - a +0 robe (worn)
 s - a +1 helmet (worn)
Magical Staves
 r - a staff of fire
Jewellery
 m - an amulet of the acrobat (around neck)
Scrolls
 c - a scroll of enchant weapon {unknown}
 d - a scroll of identify
 l - a scroll of vulnerability
 o - a scroll of enchant armour
Potions
 b - a potion of magic
 g - 6 potions of curing
 i - 3 potions of brilliance
 n - a potion of invisibility
 p - a potion of flight {unknown}
 q - 2 potions of heal wounds


   Skills:
 + Level 0.2 Fighting
 + Level 0.6 Maces & Flails
 + Level 2.2 Dodging
 - Level 1.7 Stealth
 + Level 4.7 Spellcasting
 + Level 7.1 Necromancy


You had one spell level left.
You knew the following spells:

 Your Spells              Type           Power      Damage    Failure   Level
a - Necrotise             Necr           100%       1d9       1%          1
b - Vampiric Draining     Necr           33%        2d8       1%          3
c - Animate Dead          Necr           33%        N/A       6%          4
d - Agony                 Necr           33%        N/A       19%         5

Your spell library contained the following spells:

 Spells                   Type           Power      Damage    Failure   Level
 Frozen Ramparts          Ice            8%         1d2       34%         3
 Gell's Gravitas          Tloc           4%         N/A       34%         3
 Lesser Beckoning         Tloc           8%         N/A       34%         3
 Teleport Other           Tloc           4%         N/A       34%         3
 Ice Form                 Ice/Tmut       4%         N/A       75%         4
 Summon Ice Beast         Ice/Summ       4%         N/A       75%         4


Dungeon Overview and Level Annotations

Branches:
Dungeon (4/15)
 Temple: D:4-7

Altars:


Innate Abilities, Weirdness & Mutations

A weak demonic guardian rushes to your aid.
You have an unusually large brain. (Int +2)
Your touch may inflict irresistible damage on your foes.


Message History

The gnoll writhes in agony!
You kill the gnoll!
The dead are walking!
The gnoll hits you from afar with a +0 halberd!
* * * LOW HITPOINT WARNING * * *
Your gnoll skeleton misses the gnoll.
Unknown command.
Your gnoll skeleton hits the gnoll.
Your gnoll skeleton hits the gnoll but does no damage.
The gnoll attacks as you move away! The gnoll misses you.
Your gnoll skeleton hits the gnoll.
Your gnoll skeleton closely misses the gnoll.
Your gnoll skeleton hits the gnoll.
The gnoll attacks as you move away! The gnoll misses you.
The gnoll attacks as you move away! The gnoll hits you with a +0 flail!
* * * LOW HITPOINT WARNING * * *
Casting: Necrotise (safe; 1% risk of failure)
Confirm with . or Enter, or press ? or * to list all spells.
Aiming: Necrotise (safe; 1% risk of failure)
Press: ? - help, Shift-Dir - straight line, f - gnoll
Aim: a gnoll, wielding a +0 flail (moderately wounded, chance to affect: 88%)
The gnoll writhes in agony.
The gnoll closely misses you.
Casting: Necrotise (safe; 1% risk of failure)
Confirm with . or Enter, or press ? or * to list all spells.
Aiming: Necrotise (safe; 1% risk of failure)
Press: ? - help, Shift-Dir - straight line, f/p - gnoll
Aim: a gnoll, wielding a +0 flail (severely wounded, chance to affect: 88%)
The gnoll writhes in agony.
The gnoll completely misses you.
Unknown command.
The gnoll completely misses you.
Casting: Necrotise (safe; 1% risk of failure)
Confirm with . or Enter, or press ? or * to list all spells.
Aiming: Necrotise (safe; 1% risk of failure)
Press: ? - help, Shift-Dir - straight line, f/p - gnoll
Aim: a gnoll, wielding a +0 flail (severely wounded, ally target, chance to affect: 88%)
The gnoll writhes in agony.
You kill the gnoll!
The dead are walking!
The gnoll hits you from afar with a +0 halberd!
You die...

...##........#######
...##........# ....
...##........###.#
#####........#...########### ###
#####........#.............###...
................................
##...........##..#............
##.....#.)..###..#.#.......)#
.#.....#....# #.@#.#...#....#
.<....##....# #).#.#...#....#
......##....# #.g#.#.....)..###.#
####.######## #ZZ#.#...#.........
####.. #.....Z..#.##.###..
....... #.##.##Z.#.....###
######. #. #.##...........
....... #. #.##.#......###
#####.# #. #.##.#......#


You could see a gnoll (ally target) and 2 friendly gnoll skeletons.

Vanquished Creatures
  Sigmund (D:3)
  An ogre (D:4)
  An iguana (D:4)
  2 orc wizards (D:4)
  3 gnolls (D:4)
  7 adders
  3 worms (D:2)
  A dart slug (D:2)
  4 orcs
  2 bats
  3 endoplasms
  4 giant cockroaches
  4 goblins
  4 hobgoblins
  4 quokkas
  2 ball pythons
  5 frilled lizards
  10 kobolds
  6 rats
67 creatures vanquished.

Vanquished Creatures (collateral kills)
  An endoplasm (D:2)
  A ball python (D:3)
  A bat (D:2)
3 creatures vanquished.

Grand Total: 70 creatures vanquished

Notes
Turn   | Place    | Note
-------+----------+-------------------------------------------
     0 | D:1      | funkygono the Demonspawn Necromancer began the quest for
                  | the Orb.
     0 | D:1      | Reached XP level 1. HP: 13/13 MP: 3/3
   345 | D:1      | Gained mutation: Your touch may inflict minor irresistible
                  | damage on your foes. [demonic ancestry]
   345 | D:1      | Reached XP level 2. HP: 19/19 MP: 1/5
   827 | D:2      | Reached skill level 5 in Necromancy
   827 | D:2      | Reached XP level 3. HP: 24/24 MP: 2/6
  1013 | D:2      | Found a faded altar of an unknown god.
  1220 | D:2      | Gained mutation: A weak demonic guardian rushes to your
                  | aid. [demonic ancestry]
  1220 | D:2      | Reached XP level 4. HP: 30/30 MP: 5/8
  1224 | D:2      | Learned a level 3 spell: Vampiric Draining
  1251 | D:2      | Learned a level 4 spell: Animate Dead
  2378 | D:3      | Noticed Sigmund
  2392 | D:3      | Killed Sigmund
  2393 | D:3      | Reached skill level 6 in Necromancy
  2393 | D:3      | Gained mutation: You have an unusually large brain. (Int
                  | +2) [demonic ancestry]
  2393 | D:3      | Reached XP level 5. HP: 8/35 MP: 0/11
  2393 | D:3      | Gained mutation: Your touch may inflict irresistible damage
                  | on your foes. [demonic ancestry]
  2393 | D:3      | Reached XP level 6. HP: 9/41 MP: 0/12
  2875 | D:3      | Learned a level 5 spell: Agony
  3124 | D:3      | Identified a scroll of acquirement
  3124 | D:3      | Acquired 604 gold pieces
  3473 | D:4      | Reached skill level 7 in Necromancy
  3575 | D:4      | Identified the ring of Ru, Jumping {Str+7 Dex-3 Slay+4
                  | SInv}
  3592 | D:4      | Slain by a gnoll

Illustrated notes

Levels and vault maps discovered:
D:1:      minmay_arrival_pointy, layout_rooms
D:2:      layout_loops_ring, ebering_ecumenical_altar_mist
D:3:      layout_loops_ring, serial_rivers, chequers_serial_rivers_small_b,
          chequers_serial_rivers_micro_d, chequers_serial_rivers_large_a,
          chequers_serial_rivers_room_b, chequers_serial_rivers_room_b,
          chequers_serial_rivers_large_b, minmay_shallow_snake_nest,
          uniq_sigmund
D:4:      layout_basic, minmay_crossroads

Skill      XL: |  1  2  3  4  5  6 |
---------------+-------------------+-----
Necromancy     | 5 6 7 |  7.1
Spellcasting   | 4 |  4.7
Dodging        | 2 |  2.2
Fighting       | |  0.2
Maces & Flails | |  0.6
Stealth        | |  1.7

Action                   |  1- 3 |  4- 6 || total
-------------------------+-------+-------++-------
Melee: Whip              |    17 |    20 ||    37
       Touch             |     3 |     2 ||     5
 Cast: Necrotise         |    53 |    93 ||   146
       Vampiric Draining |       |     1 ||     1
       Agony             |       |     1 ||     1
  Use: Scroll            |       |    10 ||    10
Armor: Robe              |     4 |     5 ||     9
Dodge: Dodged            |    16 |    40 ||    56

Table legend: (Time is in decaauts)
 A = Elapsed time spent in this place.
 B = Non-inter-level travel time spent in this place.
 C = Inter-level travel time spent in this place.
 D = Time resting spent in this place.
 E = Time spent auto-exploring this place.
 F = Levels seen in this place.
 G = Mean time per level.
                   A        B        C        D        E       F      G
               +--------+--------+--------+--------+--------+-----+--------+
         Total |   3643 |   3567 |     76 |    155 |   2932 |   4 |  910.8 |
       Dungeon |   3643 |   3567 |     76 |    155 |   2932 |   4 |  910.8 |
               +--------+--------+--------+--------+--------+-----+--------+

Top non-repeatable levels by time:
     D:3: 1276 daAuts
     D:2: 1183 daAuts
     D:1: 786 daAuts
     D:4: 398 daAuts
